 Dungeon Crawl Stone Soup version 0.24-a0-584-g9d6b971ae4 (webtiles) character file.

Game seed: 3106904761283223194, levelgen mode: deterministic

497 Arang the Fighter (level 7, -4/67 HPs)
             Began as a Gnoll Wanderer on Sept 1, 2019.
             Was an Initiate of Okawaru.
             Killed by divine providence
             ... invoked by an orc priest
              (12 damage)
             ... on level 4 of the Dungeon.
             The game lasted 00:09:33 (3355 turns).

Arang the Fighter (Gnoll Wanderer)                  Turns: 3355, Time: 00:09:33

Health: -4/67      AC:  8    Str: 14    XL:     7   Next: 16%
Magic:  10/10      EV: 11    Int: 15    God:    Okawaru [......]
Gold:   147        SH:  0    Dex: 16    Spells: 10/10 levels left

rFire    + . .     SeeInvis .   p - +2 dagger (venom)
rCold    + . .     Gourm    .   (no shield)
rNeg     . . .     Faith    .   o - +0 ring mail
rPois    .         Spirit   .   r - +2 helmet
rElec    .         Reflect  .   q - scarf {cloud immunity}
rCorr    .         Harm     .   (no gloves)
MR       .....                  (no boots)
Stlth    ++........             (no amulet)
HPRegen  0.21/turn              l - ring of protection from cold
MPRegen  0.12/turn              v - ring of protection from fire

@: no status effects
A: distributed training, fangs 1, strong nose
a: Renounce Religion


You were on level 4 of the Dungeon.
You worshipped Okawaru.
Okawaru was noncommittal.
You were not hungry.

You visited 1 branch of the dungeon, and saw 4 of its levels.

You collected 147 gold pieces.

Inventory:

Hand Weapons
 a - a +0 spear
 g - a +0 short sword
 p - a +2 dagger of venom (weapon)
Armour
 o - a +0 ring mail (worn)
 q - a scarf of cloud immunity (worn)
 r - a +2 helmet (worn)
Jewellery
 d - an uncursed ring of wizardry
 l - a ring of protection from cold (left hand)
 n - an uncursed ring of magical power
 v - a ring of protection from fire (right hand)
Wands
 B - a wand of polymorph (3)
Scrolls
 e - a scroll of random uselessness {unknown}
 k - a scroll of identify {unknown}
 t - a scroll of noise {unknown}
 u - a scroll of enchant weapon {unknown}
 w - a scroll of remove curse {unknown}
 x - a scroll of enchant armour {unknown}
 y - a scroll of magic mapping {unknown}
 z - a scroll of teleportation {unknown}
 A - a scroll of blinking {unknown}
Potions
 c - 3 potions of lignification
 i - a potion of heal wounds
 j - a potion of curing {unknown}
 m - a potion of degeneration {unknown}
 s - a potion of magic {unknown}
Miscellaneous
 b - a lamp of fire
Comestibles
 f - 3 rations
 h - 11 chunks of flesh


   Skills:
 + Level 10.6 Fighting
 + Level 3.4 Short Blades
 + Level 2.2 Long Blades
 + Level 2.2 Axes
 + Level 2.2 Maces & Flails
 + Level 2.2 Polearms
 + Level 2.2 Staves
 + Level 2.2 Slings
 + Level 2.2 Bows
 + Level 2.2 Crossbows
 + Level 3.4 Throwing
 + Level 3.4 Armour
 + Level 2.2 Dodging
 + Level 3.3 Stealth
 + Level 2.2 Shields
 + Level 2.2 Unarmed Combat
 + Level 2.2 Spellcasting
 + Level 1.8 Conjurations
 + Level 1.8 Hexes
 + Level 1.8 Charms
 + Level 1.8 Summonings
 + Level 1.8 Necromancy
 + Level 1.8 Translocations
 + Level 1.8 Transmutations
 + Level 1.8 Fire Magic
 + Level 1.8 Ice Magic
 + Level 1.8 Air Magic
 + Level 1.8 Earth Magic
 + Level 1.8 Poison Magic
 + Level 2.5 Invocations
 + Level 3.4 Evocations


You had 10 spell levels left.
You didn't know any spells.
Your spell library was empty.

Dungeon Overview and Level Annotations

Branches:
Dungeon (4/15)
 Temple: D:4-7

Altars:
Fedhas
Kikubaaqudgha
Nemelex Xobeh
Okawaru
Ru
Zin

Annotations:
D:1 exclusion: downstairs
D:2 Jessica
D:3 2 transporters, exclusion: 2 downstairs


Innate Abilities, Weirdness & Mutations

Your experience applies equally to all skills.
You have very sharp teeth.
Your uncanny sense of smell can sniff out nearby items.


Message History

The orc priest is severely wounded.
The orc priest mumbles some strange prayers to Beogh against you.
Beogh smites you!
You hear some strange, mumbled words.
Something tries to affect you, but you resist.
You barely miss the orc priest.
The orc priest is severely wounded.
The orc priest invokes the aid of Beogh against you.
Beogh smites you!
* * * LOW HITPOINT WARNING * * *
Unknown command.
You hit the orc priest but do no damage.
The orc priest looks as sick as possible!
You punch the orc priest, but do no damage.
You bite the orc priest, but do no damage.
The orc priest is severely wounded.
Something hits you but does no damage.
The orc priest mumbles some strange prayers to Beogh against you.
Beogh smites you!
You die...

... .. #.# ....# ###
#.# ####..#.# ### ..#
#........# .. ## #<#
#...## .# #.#
#....##.# #o#
#.......# #Z#
#....#..#
##.#####...o@..#
#.........){).##
.........##.####
..........##....##.#
#######.#รท.....$....#
.#.###..#.#### #.#
#..#.# #.# #..#.###.##
# #.# #..........


You could see an orc priest.

Vanquished Creatures
  Sigmund (D:3)
  An ogre (D:4)
  A howler monkey (D:4)
  An orc priest (D:4)
  A hound (D:3)
  An orc wizard (D:4)
  Ijyb (D:3)
  A hound skeleton (D:4)
  An adder (D:2)
  An ooze (D:2)
  A worm (D:2)
  A dart slug (D:3)
  2 leopard geckos
  7 orcs
  3 giant cockroaches
  5 goblins
  3 hobgoblins (D:2)
  3 jackals (D:3)
  A quokka (D:4)
  A ball python (D:2)
  9 bats
  3 frilled lizards
  7 kobolds
  9 rats
65 creatures vanquished.

Notes
Turn   | Place    | Note
-------+----------+-------------------------------------------
     0 | D:1      | Reached skill level 10 in Fighting
     0 | D:1      | Arang the Gnoll Wanderer began the quest for the Orb.
     0 | D:1      | Arang set off with the following items: a +0 spear, a lamp
                  | of fire, a potion of lignification, a +0 robe, a ration
     0 | D:1      | Reached XP level 1. HP: 28/28 MP: 2/2
   499 | D:1      | Reached XP level 2. HP: 36/36 MP: 3/3
  1447 | D:2      | Found a blossoming altar of Fedhas.
  1450 | D:2      | Reached XP level 3. HP: 42/42 MP: 4/4
  1457 | D:2      | Found a glowing silver altar of Zin.
  1457 | D:2      | Found a sparkling altar of Nemelex Xobeh.
  1459 | D:2      | Noticed Jessica
  1570 | D:2      | Reached skill level 1 in Invocations
  1963 | D:3      | Reached skill level 1 in Long Blades
  1963 | D:3      | Reached skill level 1 in Axes
  1963 | D:3      | Reached skill level 1 in Maces & Flails
  1963 | D:3      | Reached skill level 1 in Polearms
  1963 | D:3      | Reached skill level 1 in Staves
  1963 | D:3      | Reached skill level 1 in Slings
  1963 | D:3      | Reached skill level 1 in Bows
  1963 | D:3      | Reached skill level 1 in Crossbows
  1963 | D:3      | Reached skill level 1 in Dodging
  1963 | D:3      | Reached skill level 1 in Shields
  1963 | D:3      | Reached skill level 1 in Unarmed Combat
  1963 | D:3      | Reached skill level 1 in Spellcasting
  2005 | D:3      | Found a transporter.
  2040 | D:3      | Found a transporter.
  2139 | D:3      | Reached XP level 4. HP: 48/48 MP: 6/6
  2257 | D:3      | Found an ancient bone altar of Kikubaaqudgha.
  2354 | D:3      | Found an iron altar of Okawaru.
  2438 | D:3      | Noticed Sigmund
  2454 | D:3      | Killed Sigmund
  2454 | D:3      | Reached skill level 1 in Conjurations
  2454 | D:3      | Reached skill level 1 in Hexes
  2454 | D:3      | Reached skill level 1 in Charms
  2454 | D:3      | Reached skill level 1 in Summonings
  2454 | D:3      | Reached skill level 1 in Necromancy
  2454 | D:3      | Reached skill level 1 in Translocations
  2454 | D:3      | Reached skill level 1 in Transmutations
  2454 | D:3      | Reached skill level 1 in Fire Magic
  2454 | D:3      | Reached skill level 1 in Ice Magic
  2454 | D:3      | Reached skill level 1 in Air Magic
  2454 | D:3      | Reached skill level 1 in Earth Magic
  2454 | D:3      | Reached skill level 1 in Poison Magic
  2454 | D:3      | Reached XP level 5. HP: 44/54 MP: 7/7
  2454 | D:3      | Reached XP level 6. HP: 49/61 MP: 8/8
  2635 | D:3      | Found a sacrificial altar of Ru.
  2770 | D:3      | Became a worshipper of Warmaster Okawaru
  2784 | D:4      | Noticed Ijyb
  2828 | D:3      | Killed Ijyb
  3249 | D:4      | Reached XP level 7. HP: 64/67 MP: 10/10
  3355 | D:4      | Killed from afar by an orc priest

Levels and vault maps discovered:
D:1:      elethiomel_arrival_quiet, layout_loops_ring
D:2:      layout_loops_ring, fedhas_altar_2, nicolae_overflow_hidden_temple,
          first_ration, uniq_jessica
D:3:      gammafunk_steamed_eel, layout_loops_ring, marbit_many_paths,
          kiku_gazebo_garden_becter, okawaru_gym_becter, uniq_sigmund
D:4:      minmay_spotlight, layout_loops_ring,
          gammafunk_temple_overflow_forgotten,
          minmay_fractal_squares_diagonal_5, uniq_pikel, uniq_natasha, uniq_ijyb

Skill      XL: |  1  2  3  4  5  6 |
---------------+-------------------+-----
Fighting       | | 10.6
Invocations    | 1 2 |  2.5
Long Blades    | 1 2 |  2.2
Axes           | 1 2 |  2.2
Maces & Flails | 1 2 |  2.2
Polearms       | 1 2 |  2.2
Staves         | 1 2 |  2.2
Slings         | 1 2 |  2.2
Bows           | 1 2 |  2.2
Crossbows      | 1 2 |  2.2
Dodging        | 1 2 |  2.2
Shields        | 1 2 |  2.2
Unarmed Combat | 1 2 |  2.2
Spellcasting   | 1 2 |  2.2
Short Blades   | 3 |  3.4
Throwing       | 3 |  3.4
Armour         | 3 |  3.4
Conjurations   | 1 |  1.8
Hexes          | 1 |  1.8
Charms         | 1 |  1.8
Summonings     | 1 |  1.8
Necromancy     | 1 |  1.8
Translocations | 1 |  1.8
Transmutations | 1 |  1.8
Fire Magic     | 1 |  1.8
Ice Magic      | 1 |  1.8
Air Magic      | 1 |  1.8
Earth Magic    | 1 |  1.8
Poison Magic   | 1 |  1.8
Evocations     | 3 |  3.4
Stealth        | 3 |  3.3

Action                   |  1- 3 |  4- 6 |  7- 9 || total
-------------------------+-------+-------+-------++-------
Melee: Spear             |    20 |       |       ||    20
       Short sword       |    26 |       |       ||    26
       Bite              |     8 |    13 |     6 ||    27
       Dagger            |    57 |    82 |    38 ||   177
       Unarmed           |       |    26 |       ||    26
       Punch             |       |       |     1 ||     1
  Use: Potion            |       |       |     1 ||     1
 Stab: Sleeping          |     9 |       |       ||     9
  Eat: Chunk             |     4 |     3 |     1 ||     8
Armor: Robe              |     4 |       |       ||     4
       Ring mail         |    22 |    39 |    18 ||    79
Dodge: Dodged            |    54 |    50 |    16 ||   120

Table legend:
 A = Non-vault XP
 B = Vault XP
 C = Vault XP percentage of total XP
 D = Non-vault monster count
 E = Vault monster count
 F = Vault count percentage of total count
                 A         B        C        D         E       F
            +---------+---------+-------+---------+---------+-------
      Total |     341 |     370 |  52.0 |      58 |       7 |  10.8
            +---------+---------+-------+---------+---------+-------
        D:1 |      16 |       0 |   0.0 |      13 |       0 |   0.0
        D:2 |      51 |       0 |   0.0 |      19 |       0 |   0.0
        D:3 |      35 |     311 |  89.9 |      16 |       5 |  23.8
        D:4 |     239 |      59 |  19.8 |      10 |       2 |  16.7
            +---------+---------+-------+---------+---------+-------
